 Dungeon Crawl Stone Soup version 0.31-a0-188-g5e087ee2ca (webtiles) character file.

Game seed: 6623961467865135253

69 qw the Shooter (level 4, -3/25 HPs)
             Began as a Deep Elf Hunter on June 23, 2023.
             Slain by Sigmund
             ... wielding a +0 scythe
              (6 damage)
             ... on level 2 of the Dungeon.
             The game lasted 00:00:27 (1395 turns).

qw the Shooter (Deep Elf Hunter)                    Turns: 1395, Time: 00:00:28

Health: -3/25      AC:  5    Str: 10    XL:     4   Next: 2%
Magic:  6/6        EV: 11    Int: 14    God:
Gold:   48         SH:  0    Dex: 18    Spells: 3/3 levels left

rFire   . . .        Y - +0 shortbow
rCold   . . .        (shield currently unavailable)
rNeg    . . .        i - +0 ring mail
rPois   .            (no helmet)
rElec   .            (no cloak)
rCorr   .            (no gloves)
SInv    .            (no boots)
Will    .....        (no amulet)
Stlth   +            (no ring)
HPRegen 0.24/turn    (no ring)
MPRegen 0.10/turn

%: no passive effects
@: no status effects
A: no striking features
a: no special abilities


You were on level 2 of the Dungeon.
You visited 1 branch of the dungeon, and saw 2 of its levels.

You collected 48 gold pieces.


   Skills:
 - Level 1.5 Fighting
 + Level 7.4 Ranged Weapons
 - Level 2.4 Dodging
 - Level 1.2 Stealth


You had 3 spell levels left.
You didn't know any spells.
Your spell library was empty.

Inventory:

Hand Weapons
 Y - a +0 shortbow (weapon)
Armour
 i - a +0 ring mail (worn)
Scrolls
 c - a scroll of identify
Potions
 a - a potion of attraction {unknown}
 b - a potion of heal wounds {unknown}
 f - a potion of haste {unknown}
 h - a potion of lignification {unknown}
 k - a potion of degeneration {unknown}

Dungeon Overview and Level Annotations

Branches:
Dungeon (2/15)

Altars:

Annotations:
D:2 Sigmund


Message History

Enter note:
Enter note:
Enter note:
Enter note:
Enter note:
Enter note:
Enter note:
Enter note:
Enter note:
Enter note:
Enter note:
Enter note:
Enter note:
Enter note:
Enter note:
Enter note:
Enter note:
Enter note:
Enter note:
Enter note:
Enter note:
Enter note:
Enter note:
Enter note:
Enter note:
Enter note:
Enter note:
Enter note:
Enter note:
Enter note:
Enter note:
Enter note:
Enter note:
Enter note:
Enter note: You shoot an arrow.
The arrow closely misses Sigmund.
You shoot an arrow. The arrow hits Sigmund.
Sigmund is lightly wounded.
Sigmund hits you from afar with a +0 scythe.
You die...

#.# #########.#.....#
........#.#.....#
........#.#.....#
........#.#.....#+######
..........#.............
..........#.............
%.........#...##........
................@>......
.........##...@#...#####
#####..........#...# #
#..........#...# #
#..........#...#
#####..........##.##
....#..........# .#
###.#..........# .#
.<#.#..........#


You could see Sigmund.

Vanquished Creatures
  4 adders (D:2)
  A worm (D:2)
  3 endoplasms
  3 giant cockroaches
  2 goblins
  4 hobgoblins
  A quokka (D:2)
  5 ball pythons
  2 frilled lizards
  3 kobolds
  3 rats (D:1)
31 creatures vanquished.

Notes
Turn   | Place    | Note
-------+----------+-------------------------------------------
     0 | D:1      | qw the Deep Elf Hunter began the quest for the Orb.
     0 | D:1      | Reached XP level 1. HP: 12/12 MP: 3/3
     0 | D:1      | 0 ||| qw: Version: 0.3-a-9-g12657ce
     0 | D:1      | 0 ||| qw: Game counter: 4332
     0 | D:1      | 0 ||| qw: Always use a shield: true
     0 | D:1      | 0 ||| qw: God list: Okawaru
     0 | D:1      | 0 ||| qw: Allow faded altars: false
     0 | D:1      | 0 ||| qw: Do Orc after D:15 true
     0 | D:1      | 0 ||| qw: Do second Lair branch before Depths: true
     0 | D:1      | 0 ||| qw: Lair rune preference: random
     0 | D:1      | 0 ||| qw: Plans: Normal
     0 | D:1      | 0 ||| PLANNING D:1-11
   220 | D:1      | Reached XP level 2. HP: 16/16 MP: 4/4
   246 | D:1      | Reached skill level 6 in Ranged Weapons
  1027 | D:1      | 1027 ||| UPGRADING to +0 ring mail.
  1037 | D:1      | 1037 ||| DROPPING +0 leather armour.
  1038 | D:1      | 1038 ||| READING scroll labelled NYMMYU WEXIF.
  1039 | D:1      | 1039 ||| READING scroll labelled ASEOQE UNUTHOC.
  1042 | D:1      | 1042 ||| READING scroll labelled WISILI POPI.
  1043 | D:1      | 1043 ||| READING scroll labelled BUFROVO FEVVEY.
  1044 | D:1      | 1044 ||| READING scroll labelled WYTHA QAGE IVE.
  1045 | D:1      | 1045 ||| DROPPING scroll of butterflies.
  1115 | D:2      | Reached XP level 3. HP: 20/20 MP: 5/5
  1155 | D:2      | Reached skill level 7 in Ranged Weapons
  1363 | D:2      | Reached XP level 4. HP: 25/25 MP: 6/6
  1372 | D:2      | Noticed Sigmund
  1385 | D:2      | HP: 5/25 [Sigmund/+0 scythe (10)]
  1391 | D:2      | HP: 2/25 [Sigmund/magic dart (4)]
  1395 | D:2      | Slain by Sigmund

Levels and vault maps discovered:
D:1:      saegor_arrival_fortress, layout_basic
D:2:      layout_basic, serial_curves, eino_curves_01, eino_curves_03,
          eino_curves_04, uniq_sigmund

Skill      XL: |  1  2  3 |
---------------+----------+-----
Ranged Weapons | 6 7 |  7.4
Fighting       | |  1.5
Dodging        | |  2.4
Stealth        | |  1.2

Action                     |  1- 3 |  4- 6 || total
---------------------------+-------+-------++-------
   Fire: Shortbow          |    93 |     4 ||    97
    Use: Scroll            |     5 |       ||     5
 Armour: Leather armour    |     3 |       ||     3
         Ring mail         |    10 |       ||    10
  Dodge: Dodged            |    13 |     1 ||    14

Table legend:
 A = Non-vault XP
 B = Vault XP
 C = Vault XP percentage of total XP
 D = Non-vault monster count
 E = Vault monster count
 F = Vault count percentage of total count
                 A         B        C        D         E       F
            +---------+---------+-------+---------+---------+-------
      Total |      99 |       0 |   0.0 |      31 |       0 |   0.0
            +---------+---------+-------+---------+---------+-------
        D:1 |      24 |       0 |   0.0 |      15 |       0 |   0.0
        D:2 |      75 |       0 |   0.0 |      16 |       0 |   0.0
            +---------+---------+-------+---------+---------+-------
